 Dungeon Crawl Stone Soup version 0.30.1-11-g7821555f0a (webtiles) character file.

Game seed: 10100866974705393890

335 lonewolfV2 the Shield-Bearer (level 6, -2/47 HPs)
             Began as a Demonspawn Fighter on Oct 27, 2023.
             Slain by a shadow (28 damage)
             ... created by the darkness of Dithmenos
             ... on level 4 of the Dungeon.
             The game lasted 00:04:25 (2558 turns).

lonewolfV2 the Shield-Bearer (Demonspawn Fighter)   Turns: 2558, Time: 00:04:26

Health: -2/47      AC: 12    Str: 19    XL:     6   Next: 28%
Magic:  6/6        EV:  9    Int:  9    God:
Gold:   203        SH:  5    Dex: 12    Spells: 5/5 levels left

rFire   . . .        a - +0 war axe (elec)
rCold   . . .        c - +0 buckler
rNeg    . . .        k - +0 chain mail
rPois   .            h - +1 hat {Stlth+}
rElec   .            (no cloak)
rCorr   .            (no gloves)
SInv    .            (no boots)
Will    .....        g - amulet of regeneration Stlth
                     (no ring)
HPRegen 1.07/turn    (no ring)
MPRegen 0.10/turn

%: no passive effects
@: no status effects
A: claws 1, thin metallic scales 1
a: no special abilities


You were on level 4 of the Dungeon.
You visited 1 branch of the dungeon, and saw 4 of its levels.

You collected 203 gold pieces.

Inventory:

Hand Weapons
 a - a +0 war axe of electrocution (weapon)
Armour
 b - a +0 scale mail
 c - a +0 buckler (worn)
 h - a +1 hat of stealth (worn)
 k - a +0 chain mail (worn)
Jewellery
 g - an amulet of regeneration (around neck)
 j - an amulet of reflection
Scrolls
 e - 2 scrolls of fog
 f - 3 scrolls of identify
 m - a scroll of teleportation
Potions
 d - a potion of might
 i - a potion of heal wounds
 l - a potion of flight
 n - a potion of mutation


   Skills:
 - Level 3.0 Fighting
 - Level 1.7 Axes
 + Level 3.9 Armour
 * Level 3.9 Dodging
 + Level 4.0 Shields


You had 5 spell levels left.
You didn't know any spells.
Your spell library contained the following spells:

 Spells                   Type           Power      Damage    Failure   Level
 Kiss of Death            Conj/Necr      0%         2d5       99%         1
 Poisonous Vapours        Pois/Air       0%         N/A       99%         2
 Confusing Touch          Hex            0%         N/A       100%        3
 Mephitic Cloud           Conj/Pois/Air  0%         N/A       100%        3
 Vhi's Electric Charge    Tloc/Air       0%         N/A       100%        3
 Dispel Undead            Necr           0%         3d6       100%        4
 Arcjolt                  Conj/Air       0%         1d10      100%        5
 Freezing Cloud           Conj/Ice/Air   0%         6-21      100%        5
 Plasma Beam              Fire/Air       0%         2x1d11    100%        6


Dungeon Overview and Level Annotations

Branches:
Dungeon (4/15)
 Temple: D:4-7

Altars:
Cheibriados
Dithmenos
Nemelex Xobeh
Okawaru
Ru
Yredelemnul

Annotations:
D:4 2 transporters, rundlesten's ghost, novice OpHW


Innate Abilities, Weirdness & Mutations

You have sharp fingernails.
You are partially covered in thin metallic scales. (AC +2)


Message History

You see here 4 stones.
Nemelex Xobeh makes you draw from the deck of Punishment.
You draw a card...
You have drawn Wrath.
Dithmenos calls forth shadows to punish you. 4 shadows come into view.
There are monsters nearby!
There are monsters nearby!
The shadow attacks as you move away! The shadow barely misses you.
The shadow hits you.
The shadow slips into darkness.
The shadow flickers and vanishes!
Deactivating autopickup; reactivate with Ctrl-A.
The shadow slips into darkness.
The shadow flickers and vanishes!
You closely miss the shadow. x2; You block the shadow's attack.
The shadow hits you.
You closely miss the shadow. You barely miss the shadow. You hit something.
Lightning courses through something!!
The shadow strikes at you from the darkness!
Reactivating autopickup.
The shadow hits you. The shadow barely misses you. The shadow hits you. x3
You hit the shadow.
The shadow is lightly damaged.
You hit the shadow but do no damage. x2; You block the shadow's attack.
The shadow strikes at you from the darkness!
The shadow hits you! The shadow hits you.
You slash the shadow!
The shadow is severely damaged.
You hit the shadow but do no damage. x2; Lightning courses through the shadow!
You destroy the shadow!
That felt strangely unrewarding.
You closely miss the shadow.
The shadow slips into darkness.
The shadow flickers and vanishes!
Deactivating autopickup; reactivate with Ctrl-A.
The shadow hits you.
The shadow slips into darkness.
The shadow flickers and vanishes!
The shadow strikes at you from the darkness!
Ouch! That really hurt!
You die...

#.........#.#.# #
#.........#.#.# ########
#.#..######.#.#.######......##
#.#.........#.................
#........##.#...######......##
#.###.####.##...#.# #......#
#..........##...#.# #......#
#####.######..#.#{######......#
#.##......#{@W......#######
#.#.....#####..####.#
#>.........###.# #.#
#.##.####### #.# #.# #.<#.# #.#
#.####### #..#.#
###.####.......# #..#.#
#.....##.......# #..#.#
#.....##.......### #..#.#
#.....##....(..)..


You could see a shadow.

Vanquished Creatures
  A shadow (D:4)
  A black bear (D:4)
  A scorpion (D:4)
  A water moccasin zombie (D:4)
  Crazy Yiuf (D:3)
  An iguana (D:3)
  An adder (D:2)
  A gnoll (D:1)
  An adder zombie (D:4)
  A worm (D:2)
  2 dart slugs
  An orc (D:4)
  8 ball pythons
  4 endoplasms
  2 giant cockroaches
  3 hobgoblins
  8 jackals
  5 kobolds
  3 bats
  4 frilled lizards
  5 goblins
  A rat (D:3)
56 creatures vanquished.

Notes
Turn   | Place    | Note
-------+----------+-------------------------------------------
     0 | D:1      | lonewolfV2 the Demonspawn Fighter began the quest for the
                  | Orb.
     0 | D:1      | Reached XP level 1. HP: 18/18 MP: 1/1
   199 | D:1      | Reached skill level 1 in Dodging
   199 | D:1      | Gained mutation: You are partially covered in thin metallic
                  | scales. (AC +2) [demonic ancestry]
   199 | D:1      | Reached XP level 2. HP: 24/24 MP: 2/2
   317 | D:1      | Reached skill level 3 in Shields
   678 | D:1      | Reached XP level 3. HP: 28/29 MP: 3/3
  1042 | D:2      | Found a faded altar of an unknown god.
  1063 | D:2      | Prayed at the altar of an unknown god.
  1063 | D:2      | Became a worshipper of Nemelex Xobeh the Trickster
  1063 | D:2      | Reached * piety under Nemelex Xobeh
  1065 | D:2      | Fell from the grace of Nemelex Xobeh
  1555 | D:3      | Reached XP level 4. HP: 28/35 MP: 4/4
  1712 | D:3      | Found a runed translucent door.
  1713 | D:3      | Noticed Crazy Yiuf
  1785 | D:3      | Found a snail-covered altar of Cheibriados.
  1806 | D:3      | Found an iron altar of Okawaru.
  1809 | D:3      | Found a sacrificial altar of Ru.
  2003 | D:3      | Found a shadowy altar of Dithmenos.
  2070 | D:3      | Killed Crazy Yiuf
  2281 | D:4      | Noticed a scorpion
  2292 | D:4      | Killed a scorpion
  2293 | D:4      | Reached XP level 5. HP: 36/41 MP: 5/5
  2395 | D:4      | Found a transporter.
  2395 | D:4      | Found a transporter.
  2395 | D:4      | Noticed an ogre
  2396 | D:4      | Noticed rundlesten's ghost (novice OpHW)
  2396 | D:4      | Identified the +5 giant club of Discord {heavy, rPois
                  | Str+3}
  2396 | D:4      | Noticed an ogre
  2410 | D:4      | Noticed a black bear
  2421 | D:4      | Killed a black bear
  2422 | D:4      | Gained mutation: You have sharp fingernails. [demonic
                  | ancestry]
  2422 | D:4      | Reached XP level 6. HP: 46/47 MP: 6/6
  2534 | D:4      | Reached skill level 4 in Shields
  2542 | D:4      | Found a basalt altar of Yredelemnul.
  2553 | D:4      | Noticed a shadow
  2553 | D:4      | Noticed a shadow
  2553 | D:4      | Noticed a shadow
  2553 | D:4      | Noticed a shadow
  2558 | D:4      | Killed a shadow
  2558 | D:4      | Slain by a shadow

Illustrated notes

Levels and vault maps discovered:
D:1:      saegor_arrival_simple_b, layout_basic
D:2:      layout_loops_corners, hellmonk_ecumenical_altar_heavens_door,
          nicolae_figureground_sparkle
D:3:      layout_rooms, amcnicky_altar_gilded, minmay_overflow_temple_star_quad,
          uniq_crazy_yiuf_cottage
D:4:      layout_basic, lemuel_doored_altar, lemuel_zombie_altar_yredelemnul,
          gammafunk_ghost_smash, minmay_surrounded, uniq_robin

Skill      XL: |  1  2  3  4  5  6 |
---------------+-------------------+-----
Dodging        | 1 2 3 |  3.9
Armour         | 3 |  3.9
Shields        | 3 4 |  4.0
Fighting       | |  3.0
Axes           | |  1.7

Action                     |  1- 3 |  4- 6 || total
---------------------------+-------+-------++-------
  Melee: War axe           |    83 |    69 ||   152
 Invoke: Renounce Religion |     1 |       ||     1
    Use: Scroll            |     2 |     5 ||     7
 Armour: Scale mail        |    42 |       ||    42
         Chain mail        |       |    62 ||    62
  Dodge: Dodged            |    60 |    45 ||   105
  Block: Buckler           |    25 |    23 ||    48
